 Dungeon Crawl Stone Soup version 0.21-a0-460-g737a915 (webtiles) character file.

425 Laiders the Changer (level 6, 0/50 HPs)
             Began as a Draconian Transmuter on Nov 20, 2017.
             Was an Initiate of Okawaru.
             Slain by Menkaure (8 damage)
             ... on level 5 of the Dungeon.
             The game lasted 00:14:21 (5229 turns).

Laiders the Changer (Draconian Transmuter)          Turns: 5229, Time: 00:14:21

Health: 0/50       AC: 10    Str: 13    XL:     6   Next: 64%
Magic:  9/10       EV: 12    Int: 15    God:    Okawaru [......]
Gold:   181        SH:  0    Dex: 14    Spells: 4/10 levels left

rFire    . . .     SeeInvis .   l - +9 long sword of Qazlal's Envy {slice, Dex+3}
rCold    . . .     Gourm    .   (no shield)
rNeg     . . .     Faith    .   (armour unavailable)
rPois    .         Spirit   .   (helmet restricted)
rElec    .         Reflect  .   (no cloak)
rCorr    +         Harm     .   (no gloves)
MR       .....                  (boots currently unavailable)
Stlth    +.........             (no amulet)
HPRegen  0.16/turn              n - ring of resist corrosion
MPRegen  0.12/turn              u - +4 ring of protection

@: appendage
A: unfitting armour, talons 3, cold-blooded, AC +6
a: End Transformation, Renounce Religion


You were on level 5 of the Dungeon.
You worshipped Okawaru.
Okawaru was noncommittal.
You were very hungry.
You had grown temporary talons.
You visited 2 branches of the dungeon, and saw 6 of its levels.

You collected 181 gold pieces.

Inventory:

Hand Weapons
 l - the +9 long sword of Qazlal's Envy (weapon) {slice, Dex+3}
   (You found it on level 4 of the Dungeon)

   It inflicts extra damage upon your enemies.
   It affects your dexterity (+3).
Missiles
 a - 38 arrows
Jewellery
 n - a ring of resist corrosion (left hand)
 s - an uncursed ring of fire
 u - a +4 ring of protection (right hand)
Wands
 t - a wand of flame (22)
Scrolls
 d - a scroll of magic mapping
 e - a scroll of enchant weapon
 i - a scroll of enchant armour {unknown}
 j - 5 scrolls of teleportation
 k - a scroll of amnesia {unknown}
 o - 3 scrolls of remove curse
 q - a scroll of noise {unknown}
Potions
 f - a potion of curing
 h - a potion of haste
 p - 2 potions of lignification {unknown}
 r - 3 potions of heal wounds
Books
 b - a book of Changes

   Spells                             Type                      Level
   a - Beastly Appendage              Transmutation                1
   b - Sticks to Snakes               Transmutation                2
   c - Spider Form                    Transmutation/Poison         3
   d - Ice Form                       Ice/Transmutation            4
   e - Blade Hands                    Transmutation                5
Comestibles
 c - 5 bread rations
 g - 2 fruits
 m - 3 royal jellies


   Skills:
 + Level 2.6 Fighting
 - Level 1.7 Dodging
 + Level 3.7 Unarmed Combat
 + Level 2.8 Spellcasting
 - Level 6.0 Transmutations


You had 4 spell levels left.
You knew the following spells:

 Your Spells              Type           Power        Failure   Level  Hunger
a - Beastly Appendage     Tmut           ###...       1%          1    #......
b - Sticks to Snakes      Tmut           ###.....     2%          2    ##.....
c - Spider Form           Tmut/Pois      ##........   19%         3    ###....


Dungeon Overview and Level Annotations

Branches:
Dungeon (5/15)             Temple (1/1) D:4

Altars:
Ashenzari
Dithmenos
Elyvilon
Fedhas
Gozag
Hepliaklqana
Kikubaaqudgha
Makhleb
Nemelex Xobeh
Okawaru
Qazlal
Ru
Sif Muna
Trog
Uskayaw
Wu Jian
Xom
Yredelemnul
Zin
The Shining One

Shops:
D:4 [

Annotations:
D:5 Menkaure


Innate Abilities, Weirdness & Mutations

Your plain brown scales are hard. (AC +6)
You cannot fit into any form of body armour.
You are cold-blooded and may be slowed by cold attacks.
You have claws for feet.


Message History

You see here a howler monkey corpse.
You feel much better.
Menkaure mumbles some strange words.
Menkaure seems to speed up.
Cast which spell? (? or * to list)
Your feet morph into talons.
Menkaure hits you but does no damage.
You hit Menkaure. You claw Menkaure. You tail-slap Menkaure.
Menkaure is heavily damaged.
Menkaure hits you!
You closely miss Menkaure.
Menkaure is heavily damaged.
Menkaure points at you and mumbles some strange words.
Pain shoots through your body!
* * * LOW HITPOINT WARNING * * *
Menkaure hits you.
* * * LOW HITPOINT WARNING * * *
You hit Menkaure.
Menkaure is heavily damaged.
Menkaure hits you!
You die...

########
#......#######
#.####.......#
#.# #........
#####.#
#.####...
#.....# #<# #.
#@##### #.#
#.M.# #.#
....... .#.
...#...### # #
........##
.###.##.# .
#.# # ...


You could see Menkaure.

Vanquished Creatures
  A water moccasin (D:4)
  A howler monkey (D:5)
  2 orc priests (D:3)
  Natasha (D:3)
  A worker ant (D:4)
  4 gnolls (D:4)
  A howler monkey skeleton (D:3)
  3 adders
  2 worms (D:2)
  2 dart slugs
  2 leopard geckos (D:1)
  9 orcs
  2 giant cockroaches
  9 goblins
  6 hobgoblins
  10 jackals
  A quokka (D:3)
  9 bats
  7 frilled lizards
  7 kobolds
  10 rats
  A plant (D:3)
91 creatures vanquished.

Vanquished Creatures (collateral kills)
  2 gnolls (D:4)
  2 jackals (D:2)
4 creatures vanquished.

Grand Total: 95 creatures vanquished

Notes
Turn   | Place    | Note
-------+----------+-------------------------------------------
     0 | D:1      | Laiders the Draconian Transmuter began the quest for the Orb.
     0 | D:1      | Reached XP level 1. HP: 16/16 MP: 3/3
   253 | D:1      | Reached XP level 2. HP: 12/23 MP: 3/5
   429 | D:1      | Reached skill level 3 in Transmutations
   695 | D:1      | Learned a level 2 spell: Sticks to Snakes
   955 | D:1      | Reached XP level 3. HP: 27/28 MP: 4/6
  1000 | D:1      | Learned a level 3 spell: Spider Form
  1618 | D:2      | Reached skill level 4 in Transmutations
  2406 | D:3      | Reached XP level 4. HP: 29/35 MP: 7/7
  2411 | D:3      | Found a hide-covered altar of Uskayaw.
  2471 | D:3      | Found a basalt altar of Yredelemnul.
  2839 | D:3      | Reached skill level 5 in Transmutations
  3129 | D:3      | Reached XP level 5. HP: 32/40 MP: 8/8
  3253 | D:3      | Noticed Natasha
  3260 | D:3      | Killed Natasha
  3391 | D:3      | Found a sparkling altar of Nemelex Xobeh.
  3542 | D:3      | Found a bloodstained altar of Trog.
  3543 | D:3      | Found an ornate altar of the Wu Jian Council.
  3572 | D:3      | Found a stormy altar of Qazlal.
  3715 | D:4      | Found a shattered altar of Ashenzari.
  3785 | D:4      | HP: 2/40 [gnoll/spear (5)]
  3786 | D:4      | Reached skill level 6 in Transmutations
  4081 | D:4      | Found Ablural's Armour Shop.
  4088 | D:4      | Got a brightly glowing long sword
  4089 | D:4      | Identified the +9 long sword of Qazlal's Envy {slice, Dex+3} (You found it on level 4 of the Dungeon)
  4148 | D:4      | HP: 2/40 [poisoned by a worker ant]
  4527 | D:4      | Reached XP level 6. HP: 43/47 MP: 3/9
  4617 | D:4      | Found a staircase to the Ecumenical Temple.
  4620 | D:4      | Noticed a water moccasin
  4632 | D:4      | Killed a water moccasin
  5096 | Temple   | Entered the Ecumenical Temple
  5154 | Temple   | Became a worshipper of Warmaster Okawaru
  5206 | D:5      | Entered Level 5 of the Dungeon
  5220 | D:5      | Noticed Menkaure
  5229 | D:5      | Slain by Menkaure

Vault maps used:
D:1:      minmay_arrival_up_and_down, amethyst_killhole
D:3:      old_standard_altar, marbit_many_paths, lemuel_round_altar,
          gammafunk_temple_overflow_forgotten, first_bread, uniq_natasha
D:4:      cheibrodos_ashenzari_chains, minmay_temple_entry_nine_rooms,
          serial_shops, nicolae_shop_statue_plus
D:5:      guppyfry_early_lair_pool, uniq_menkaure
Temple:   cyrus_circular_temple

Skill      XL: |  1  2  3  4  5  6 |
---------------+-------------------+-----
Transmutations | 3 4 5 6 |  6.0
Fighting       | 2 |  2.6
Dodging        | |  1.7
Unarmed Combat | |  3.7
Spellcasting   | |  2.8

Action                   |  1- 3 |  4- 6 || total
-------------------------+-------+-------++-------
Melee: Dagger            |    21 |       ||    21
       Tailslap          |    23 |     7 ||    30
       Unarmed           |     2 |       ||     2
       Kick              |     6 |    13 ||    19
       Short sword       |   144 |    68 ||   212
       Headbutt          |     1 |     4 ||     5
       Mace              |    24 |    61 ||    85
       Punch             |     2 |     5 ||     7
       Long sword        |       |    29 ||    29
 Cast: Beastly Appendage |     6 |     8 ||    14
       Sticks to Snakes  |     1 |    12 ||    13
  Use: Scroll            |     2 |     6 ||     8
       Potion            |       |     2 ||     2
 Stab: Sleeping          |     1 |       ||     1
  Eat: Chunk             |     5 |     9 ||    14
Armor: Skin              |    77 |    50 ||   127
Dodge: Dodged            |   146 |   122 ||   268
       Rpst.: Long sword |       |     4 ||     4

Table legend:
 A = Spawn XP
 B = Non-spawn XP
 C = Spawn XP percentage of total XP
 D = Spawn monster count
 E = Non-spawn monster count
 F = Spawn count percentage of total count
 G = Total turns spent on level
                    A         B        C        D         E        F      G
               +---------+---------+-------+---------+---------+-------+---------
         Total |       0 |     608 |   0.0 |       0 |      94 |   0.0 |  5229
               +---------+---------+-------+---------+---------+-------+---------
           D:1 |       0 |      57 |   0.0 |       0 |      32 |   0.0 |  1530
           D:2 |       0 |      36 |   0.0 |       0 |      18 |   0.0 |   813
           D:3 |       0 |     178 |   0.0 |       0 |      29 |   0.0 |  1362
           D:4 |       0 |     280 |   0.0 |       0 |      14 |   0.0 |  1425
           D:5 |       0 |      57 |   0.0 |       0 |       1 |   0.0 |    23
               +---------+---------+-------+---------+---------+-------+---------
